 Dungeon Crawl Stone Soup version 0.30-a0-241-g1121274140 (webtiles) character file.

Game seed: 843692685319121279

53 bande the Covered (level 3, -1/23 HPs)
             Began as a Gargoyle Fighter on Oct 11, 2022.
             Slain by a kobold
             ... wielding a +0 club
              (3 damage)
             ... on level 3 of the Dungeon.
             The game lasted 00:03:35 (1518 turns).

bande the Covered (Gargoyle Fighter)                Turns: 1518, Time: 00:03:36

Health: -1/23      AC:  4    Str: 19    XL:     3   Next: 89%
Magic:  3/3        EV: 10    Int:  8    God:
Gold:   97         SH:  4    Dex: 11    Spells: 1/2 levels left

rFire   . . .      SeeInvis .    a - +0 war axe
rCold   + . .      Faith    .    c - +0 buckler
rNeg    + . .      Spirit   .    (no body armour)
rPois   ∞          Reflect  .    (no helmet)
rElec   +          Harm     .    (no cloak)
rCorr   .          Rampage  .    l - +0 pair of gloves
Will    .....                    (no boots)
Stlth   +.........               (no amulet)
HPRegen 0.23/turn                n - ring of protection from cold
MPRegen 0.08/turn                (no ring)

@: no status effects
A: sickness immunity, AC +3, negative energy resistance 1, electricity
resistance, torment resistance 1, petrification resistance
a: no special abilities


You were on level 3 of the Dungeon.
You visited 1 branch of the dungeon, and saw 3 of its levels.

You collected 97 gold pieces.

Inventory:

Hand Weapons
 a - a +0 war axe (weapon)
Armour
 b - a +0 scale mail
 c - a +0 buckler (worn)
 f - a +0 chain mail
 l - a +0 pair of gloves (worn)
Jewellery
 n - a ring of protection from cold (left hand)
Scrolls
 g - a scroll of butterflies
 h - a scroll of immolation {unknown}
 i - 2 scrolls of blinking {unknown}
 j - a scroll of noise {unknown}
 k - a scroll of vulnerability {unknown}
 m - a scroll of magic mapping {unknown}
 o - 2 scrolls of teleportation {unknown}
 q - a scroll of enchant armour {unknown}
 r - a scroll of fear {unknown}
Potions
 d - a potion of might
 e - a potion of degeneration {unknown}
 p - a potion of ambrosia
 t - a potion of brilliance {unknown}
 u - a potion of heal wounds {unknown}


   Skills:
 + Level 3.5 Fighting
 + Level 2.4 Axes
 + Level 4.0 Armour
 + Level 3.8 Shields
 * Level 0.2 Translocations


You had one spell level left.
You knew the following spells:

 Your Spells              Type           Power      Damage    Failure   Level
a - Apportation           Tloc           0%         N/A       45%         1

Your spell library contained the following spells:

 Spells                   Type           Power      Damage    Failure   Level
 Beastly Appendage        Tmut           0%         N/A       50%         1
 Necrotise                Necr           0%         1d4       50%         1
 Summon Small Mammal      Summ           0%         N/A       50%         1
 Wereblood                Tmut           0%         N/A       63%         2
 Gell's Gravitas          Tloc           0%         N/A       83%         3
 Lesser Beckoning         Tloc           0%         N/A       83%         3
 Teleport Other           Tloc           0%         N/A       83%         3
 Spider Form              Tmut/Pois      0%         N/A       86%         3


Dungeon Overview and Level Annotations

Branches:
Dungeon (3/15)

Altars:

Shops:
D:1 !


Innate Abilities, Weirdness & Mutations

You are immune to sickness and miasma.
Your stone body is resilient. (AC +3)
You are immune to poison.
You resist negative energy. (rN+)
You are resistant to electric shocks. (rElec)
You are resistant to unholy torment.
You are immune to petrification.


Message History

HP restored.
You continue taking off your +0 scale mail. x2
You finish taking off your +0 scale mail.
You start putting on your armour.
You continue putting on your +0 chain mail.
Keep equipping yourself? [Y]es or [N]o only, please.
Keep equipping yourself?
You stop putting on your armour.
You barely miss the gnoll.
The gnoll shouts!
You hear a shout! x2
The gnoll hits you with a +0 club.
You completely miss the gnoll. The gnoll barely misses you.
The gnoll closely misses you.
You hit the gnoll.
The gnoll is heavily wounded.
You block the gnoll's attack.
You hit the gnoll but do no damage.
The gnoll is heavily wounded.
A kobold comes into view. It is wielding a +0 club.
The gnoll closely misses you.
You hit the gnoll.
The gnoll is almost dead.
A gnoll comes into view. It is wielding a +0 flail.
The gnoll hits you but does no damage. The gnoll hits you with a +0 club.
You slash the gnoll!
You kill the gnoll!
You hit the kobold but do no damage. The kobold misses you.
Your Armour skill increases to level 4!
You closely miss the gnoll. You closely miss the kobold.
The kobold closely misses you. The gnoll hits you with a +0 flail.
The kobold hits you but does no damage. The gnoll hits you with a +0 flail!
* * * LOW HITPOINT WARNING * * *
You closely miss the gnoll. You hit the kobold.
The kobold hits you but does no damage. The gnoll closely misses you.
You slash the gnoll!
The gnoll is severely wounded.
You barely miss the kobold. The kobold barely misses you.
The gnoll barely misses you. The kobold hits you with a +0 club.
You die...

#.... #.... #.# #...
#.# #.. .## ...
######.#####..# #.#
#..........##.# #.#
#>......)).##.# #.#
#...!..†).K##.# #.#
##.#..#.)@g.#.# #b#
.... #####.#.# #b#
#<#.
######.#.####.####.##
...
...........b..........
..
######b.......b####.##
# #b........#
#.......#.#
#..#####...# ....
##..#


You could see a gnoll and a kobold.

Vanquished Creatures
  A gnoll (D:3)
  A dart slug (D:3)
  3 orcs (D:3)
  2 ball pythons (D:1)
  2 endoplasms
  2 giant cockroaches
  2 hobgoblins
  4 jackals (D:1)
  4 kobolds
  2 quokkas (D:1)
  5 bats
  2 frilled lizards
  5 goblins
  2 rats (D:1)
37 creatures vanquished.

Notes
Turn   | Place    | Note
-------+----------+-------------------------------------------
     0 | D:1      | bande the Gargoyle Fighter began the quest for the Orb.
     0 | D:1      | Reached XP level 1. HP: 14/14 MP: 1/1
   151 | D:1      | Reached XP level 2. HP: 16/19 MP: 2/2
   442 | D:1      | Found Gitoergh's Distillery.
   637 | D:1      | Reached XP level 3. HP: 23/23 MP: 3/3
  1276 | D:2      | Identified the +11 rapier "Zostruwn" {vorpal, Dex+3}
  1340 | D:2      | Found a faded altar of an unknown god.
  1434 | D:2      | Learned a level 1 spell: Apportation
  1516 | D:3      | Reached skill level 4 in Armour
  1516 | D:3      | HP: 1/23 [gnoll/+0 flail (10)]
  1518 | D:3      | Slain by a kobold

Illustrated notes

Levels and vault maps discovered:
D:1:      dpeg_arrival_arbitrary_c, layout_loops_corners, serial_shops,
          nicolae_shop_statue_plus
D:2:      layout_basic, hellmonk_ecumenical_altar_run_dry
D:3:      wander_river, layout_rooms, serial_shops,
          nicolae_shop_temple_entry_statues_fountains

Skill      XL: |  1  2  3 |
---------------+----------+-----
Axes           | 2 |  2.4
Armour         | 4 |  4.0
Fighting       | |  3.5
Shields        | |  3.8
Translocations | |  0.2

Action                   || total
-------------------------++-------
Melee: War axe           ||   102
  Use: Scroll            ||     4
Armor: Scale mail        ||    66
       Skin              ||     3
Dodge: Dodged            ||    62
Block: Buckler           ||    27

Table legend: (Time is in decaauts)
 A = Elapsed time spent in this place.
 B = Non-inter-level travel time spent in this place.
 C = Inter-level travel time spent in this place.
 D = Time resting spent in this place.
 E = Time spent auto-exploring this place.
 F = Levels seen in this place.
 G = Mean time per level.
                   A        B        C        D        E       F      G
               +--------+--------+--------+--------+--------+-----+--------+
         Total |   1560 |   1521 |     39 |      0 |   1155 |   3 |  520.0 |
       Dungeon |   1560 |   1521 |     39 |      0 |   1155 |   3 |  520.0 |
               +--------+--------+--------+--------+--------+-----+--------+

Top non-repeatable levels by time:
     D:1: 995 daAuts
     D:2: 491 daAuts
     D:3: 74 daAuts
